Map: Prion Terraces

Players

Martingale

  • Race: Terran Terran
  • League: Silver

xKawaiian

  • Race: Terran Terran
  • League: Master

IIllIIIIIIIl (xKawaiian)

  • Race: Terran Terran

Schnitzel

  • Race: Terran Terran
  • League: Grandmaster

VOD

Have the link to the VOD?

Description

Time

  • Played on: Jan. 12, 2016, 10:58 p.m.
  • Length: 2:52
Show
View Real Time Build Order
Export as new Build Order

Martingale Terran 

Build Orders:  

Get SALT Encoding   

  12  0:09  Supply Depot  
  12  0:35  Barracks  
  12  0:45  Barracks  
  12  1:01  Barracks  
  12  1:21  Supply Depot  
  12  1:22  Marine  
  13  1:32  Marine  
  14  1:37  Bunker  
  14  1:41  Marine  
  13  1:55  Marine  
  13  1:56  Marine  
  15  2:04  Marine  
  15  2:13  Marine  
  15  2:17  Marine  
  15  2:21  Marine  
  15  2:31  Marine  
Show
View Real Time Build Order
Export as new Build Order

xKawaiian Terran 

Build Orders:  

Get SALT Encoding   

  12  0:00  SCV  
  13  0:13  SCV  
  14  0:17  Supply Depot  
  14  0:25  SCV  
  15  0:39  SCV, Barracks  
  16  0:48  Refinery  
  16  0:51  SCV  
  16  0:53  Refinery  
  17  1:03  SCV  
  18  1:15  SCV  
  19  1:28  Marine, Orbital Command  
  20  1:34  Factory  
  20  1:46  Marine  
  20  1:57  Bunker  
  20  2:03  SCV  
  20  2:04  Marine  
  20  2:15  SCV  
  20  2:19  Hellion  
  23  2:27  Marine  
  22  2:32  SCV  
Show
View Real Time Build Order
Export as new Build Order

IIllIIIIIIIl Terran 

Build Orders:  

Get SALT Encoding   

Show
View Real Time Build Order
Export as new Build Order

Schnitzel Terran 

Build Orders:  

Get SALT Encoding   

Tags
 
Add a new tag
Caveats
  • Supply blocks, unpowered buildings, or Contaminate may cause inaccurate times.
  • Supply counts are checked every 10 seconds.